 Dungeon Crawl Stone Soup version 0.30-a0-305-g026cb31310 (webtiles) character file.

Game seed: 5189131774110194716

1085 pokeman the Thaumaturge (level 8, 0/43 HPs)
             Began as a Deep Elf Hedge Wizard on Oct 23, 2022.
             Slain by a water moccasin (6 damage)
             ... on level 6 of the Dungeon.
             The game lasted 00:12:09 (6511 turns).

pokeman the Thaumaturge (Deep Elf Hedge Wizard)     Turns: 6511, Time: 00:12:10

Health: 0/43       AC: 10    Str: 10    XL:     8   Next: 9%
Magic:  15/23      EV: 12    Int: 22    God:
Gold:   282        SH:  0    Dex: 14    Spells: 13/25 levels left

rFire   . . .      SeeInvis .    l - +1 dagger (vamp)
rCold   . . .      Faith    .    (no shield)
rNeg    . . .      Spirit   .    k - +1 leather armour "Seza" {rElec Will++ Str+3}
rPois   .          Reflect  .    j - +0 helmet
rElec   +          Harm     .    (no cloak)
rCorr   .          Rampage  .    (no gloves)
Will    ++...                    w - +0 pair of boots
Stlth   ++........               s - amulet of the acrobat
HPRegen 0.27/turn                i - +4 ring of protection
MPRegen 0.18/turn                (no ring)

@: lethally poisoned (0 -> -2)
A: no striking features
a: no special abilities


You were on level 6 of the Dungeon.
You visited 2 branches of the dungeon, and saw 7 of its levels.

You collected 282 gold pieces.

Inventory:

Hand Weapons
 l - a +1 vampiric dagger (weapon)
Missiles
 b - 8 poisoned darts
 g - 4 curare-tipped darts
Armour
 j - a +0 helmet (worn)
 k - the +1 leather armour "Seza" (worn) {rElec Will++ Str+3}
   (You found it on level 2 of the Dungeon)

   Str:       It affects your strength (+3).
   rElec:     It insulates you from electricity.
   Will:      It greatly increases your willpower.
 o - a +0 buckler
 w - a +0 pair of boots (worn)
Jewellery
 i - a +4 ring of protection (left hand)
 s - an amulet of the acrobat (around neck)
 y - an amulet of regeneration
Wands
 t - a wand of iceblast (6)
Scrolls
 a - 3 scrolls of identify {unknown}
 f - a scroll of immolation {unknown}
 h - 3 scrolls of teleportation {unknown}
 n - 4 scrolls of fear {unknown}
 v - 2 scrolls of magic mapping {unknown}
 x - a scroll of fog {unknown}
Potions
 c - a potion of degeneration {unknown}
 d - 2 potions of magic
 e - a potion of attraction {unknown}
 m - a potion of flight {unknown}
 p - 3 potions of curing {unknown}
 q - a potion of brilliance {unknown}
 r - a potion of ambrosia {unknown}
 u - a potion of might {unknown}


   Skills:
 - Level 1.0 Fighting
 + Level 1.0 Armour
 - Level 3.0 Dodging
 - Level 3.0 Stealth
 - Level 2.0 Shields
 * Level 9.1 Spellcasting
 + Level 4.6 Conjurations
 - Level 1.1 Summonings
 - Level 1.1 Translocations
 + Level 3.4 Fire Magic
 - Level 1.3 Air Magic
 - Level 1.0 Poison Magic
 - Level 1.2 Evocations


You had 13 spell levels left.
You knew the following spells:

 Your Spells              Type           Power      Damage    Failure   Level
a - Magic Dart            Conj           100%       1d8       1%          1
b - Mephitic Cloud        Conj/Pois/Air  20%        N/A       11%         3
c - Call Imp              Summ           14%        N/A       9%          2
d - Blink                 Tloc           28%        N/A       9%          2
e - Flame Wave            Conj/Fire      27%        2d9       17%         4

Your spell library contained the following spells:

 Spells                   Type           Power      Damage    Failure   Level
 Slow                     Hex            40%        N/A       9%          1
 Cigotuvi's Dreadful Rot  Necr/Pois/Air  26%        N/A       10%         2
 Inner Flame              Hex/Fire       17%        N/A       14%         3
 Sticky Flame             Conj/Fire      27%        2d5       17%         4


Dungeon Overview and Level Annotations

Branches:
Dungeon (6/15)             Temple (1/1) D:4

Altars:
Ashenzari
Cheibriados
Dithmenos
Gozag
Kikubaaqudgha
Makhleb
Nemelex Xobeh
Trog
Uskayaw
Wu Jian
Xom
Zin
The Shining One

Annotations:
D:6 1 runed translucent door


Message History

Casting: Blink (safe; 9% risk of failure)
Confirm with . or Enter, or press ? or * to list all spells.
Aiming: Magic Dart (safe; 1% risk of failure)
Press: ? - help, Shift-Dir - straight line, f/p - water moccasin
Aim: a water moccasin (lightly wounded, 100% to hit)
The magic dart hits the water moccasin.
The water moccasin is moderately wounded.
You feel sick.
The water moccasin bites you but does no damage.
The water moccasin bites you.
You are more poisoned.
The water moccasin poisons you!
Casting: Magic Dart (safe; 1% risk of failure)
Confirm with . or Enter, or press ? or * to list all spells.
Aiming: Magic Dart (safe; 1% risk of failure)
Press: ? - help, Shift-Dir - straight line, f/p - water moccasin
Aim: a water moccasin (moderately wounded, 100% to hit)
The magic dart hits the water moccasin.
The water moccasin is heavily wounded.
You feel very sick. The water moccasin closely misses you.
The water moccasin attacks as you move away!
The water moccasin closely misses you.
You feel very sick. The water moccasin closely misses you.
Found a stone staircase leading up.
You feel very sick.
Found a scroll labelled BYUFATZ KORROH.
You feel stable enough to blink again.
You feel very sick.
Casting: Magic Dart (safe; 1% risk of failure)
Confirm with . or Enter, or press ? or * to list all spells.
You blink.
Found a stone staircase leading down.
You feel sick.
You feel sick.
You feel sick.
You feel stable enough to blink again.
You feel sick.
There is a stone staircase leading up here.
You feel sick. The water moccasin bites you.
You die...

###############
#.............#
#.............#
#.........>...#
#..........?..#
#...@.........+
##..S.........#
#)...........#
#.......[.$..#
#............#
#............#
#............#
#####..!......
#..##.####


You could see a water moccasin.

Vanquished Creatures
  A water moccasin (D:5)
  An ice beast (D:6)
  An ogre (D:5)
  A centaur (D:5)
  2 necrophages
  2 scorpions
  3 hounds
  7 iguanas
  4 gnolls (D:2)
  6 adders
  4 worms
  4 dart slugs
  6 orcs
  10 endoplasms
  3 giant cockroaches
  3 goblins
  9 hobgoblins
  6 jackals
  A quokka (D:3)
  9 ball pythons
  4 bats
  A frilled lizard (D:1)
  9 kobolds
  7 rats
104 creatures vanquished.

Vanquished Creatures (others)
  A plant (D:2)
1 creature vanquished.

Grand Total: 105 creatures vanquished

Notes
Turn   | Place    | Note
-------+----------+-------------------------------------------
     0 | D:1      | pokeman the Deep Elf Hedge Wizard began the quest for the
                  | Orb.
     0 | D:1      | Reached XP level 1. HP: 10/10 MP: 7/7
   229 | D:1      | Found a faded altar of an unknown god.
   421 | D:1      | Reached XP level 2. HP: 14/15 MP: 4/9
   840 | D:1      | Reached skill level 5 in Spellcasting
  1263 | D:2      | Reached XP level 3. HP: 5/20 MP: 1/11
  1289 | D:2      | Learned a level 3 spell: Mephitic Cloud
  1292 | D:2      | Learned a level 2 spell: Call Imp
  1295 | D:2      | Learned a level 2 spell: Blink
  1415 | D:2      | Reached skill level 1 in Fighting
  1546 | D:2      | Reached skill level 1 in Armour
  1922 | D:2      | Identified the +1 leather armour "Seza" {rElec Will++
                  | Str+3}
  2009 | D:2      | Reached XP level 4. HP: 20/25 MP: 9/13
  2306 | D:2      | Learned a level 4 spell: Flame Wave
  3002 | D:3      | Reached skill level 6 in Spellcasting
  3002 | D:3      | Reached XP level 5. HP: 29/29 MP: 6/15
  3073 | D:3      | Found a hide-covered altar of Uskayaw.
  3748 | D:4      | Found a large runed translucent door.
  3748 | D:4      | Found a large runed translucent door.
  3950 | D:4      | Reached skill level 1 in Fire Magic
  4009 | D:4      | Reached skill level 1 in Air Magic
  4009 | D:4      | Reached XP level 6. HP: 34/34 MP: 5/17
  4124 | D:4      | Found a staircase to the Ecumenical Temple.
  4138 | Temple   | Entered the Ecumenical Temple
  4292 | D:4      | Reached skill level 1 in Poison Magic
  4386 | D:4      | Reached skill level 7 in Spellcasting
  4849 | D:4      | Found a shadowy altar of Dithmenos.
  5094 | D:4      | Found a glowing silver altar of Zin.
  5184 | D:4      | Found an ancient bone altar of Kikubaaqudgha.
  5200 | D:5      | Entered Level 5 of the Dungeon
  5209 | D:5      | Reached skill level 1 in Shields
  5268 | D:5      | Reached XP level 7. HP: 38/38 MP: 11/20
  5341 | D:5      | Reached skill level 8 in Spellcasting
  5341 | D:5      | Reached skill level 1 in Evocations
  5539 | D:5      | Found a glowing golden altar of the Shining One.
  5772 | D:5      | Found a snail-covered altar of Cheibriados.
  6086 | D:5      | Found a sparkling altar of Nemelex Xobeh.
  6296 | D:6      | Reached skill level 9 in Spellcasting
  6296 | D:6      | Reached XP level 8. HP: 43/43 MP: 13/23
  6399 | D:6      | Found a runed translucent door.
  6511 | D:6      | Slain by a water moccasin

Illustrated notes

Levels and vault maps discovered:
D:1:      dpeg_arrival_castle, layout_loops_cross, basic_ecumenical_altar,
          minivault_25
D:2:      layout_basic, serial_forest, infiniplex_forest_clump_large,
          infiniplex_forest_straight_4, infiniplex_forest_straight_1,
          infiniplex_forest_end_2, infiniplex_forest_lined_corner
D:3:      layout_loops_ring, nicolae_uskayaw_suspiria, grunt_ministairs_1,
          glass_columns_a, moated_statue
D:4:      kennysheep_big_flooded_room, layout_gridville, marbit_many_paths,
          jmf_multi_god_temple2, minmay_temple_entry_sparse_star, minmay_between
D:5:      layout_rooms, slow_altar_1, lemuel_coloured_pillars_altar,
          kennysheep_mini, chequers_serial_rivers_marsh
D:6:      layout_basic, gammafunk_ghost_grave
Temple:   hellmonk_temple_flake

Skill      XL: |  1  2  3  4  5  6  7  8 |
---------------+-------------------------+-----
Spellcasting   | 5 6 7 9 |  9.1
Fighting       | 1 |  1.0
Armour         | 1 |  1.0
Conjurations   | 2 3 4 |  4.6
Dodging        | 3 |  3.0
Stealth        | 3 |  3.0
Fire Magic     | 1 2 3 |  3.4
Air Magic      | 1 |  1.3
Poison Magic   | 1 |  1.0
Shields        | 1 2 |  2.0
Evocations     | 1 |  1.2
Summonings     | |  1.1
Translocations | |  1.1

Action                   |  1- 3 |  4- 6 |  7- 9 || total
-------------------------+-------+-------+-------++-------
Melee: Dagger            |    35 |    46 |     6 ||    87
       Punch             |     1 |     1 |       ||     2
Throw: Dart              |     8 |    25 |     2 ||    35
 Cast: Magic Dart        |   100 |   152 |    73 ||   325
       Mephitic Cloud    |       |     9 |     5 ||    14
       Call Imp          |       |     1 |       ||     1
       Blink             |       |       |     3 ||     3
 Stab: Confused          |       |     3 |     3 ||     6
Armor: Leather armour    |    14 |    26 |     9 ||    49
Dodge: Dodged            |    46 |    45 |    15 ||   106

Table legend: (Time is in decaauts)
 A = Elapsed time spent in this place.
 B = Non-inter-level travel time spent in this place.
 C = Inter-level travel time spent in this place.
 D = Time resting spent in this place.
 E = Time spent auto-exploring this place.
 F = Levels seen in this place.
 G = Mean time per level.
                   A        B        C        D        E       F      G
               +--------+--------+--------+--------+--------+-----+--------+
         Total |   6519 |   6396 |    123 |     43 |   5498 |   7 |  931.3 |
       Dungeon |   6369 |   6255 |    114 |     43 |   5365 |   6 | 1061.5 |
        Temple |    149 |    140 |      9 |      0 |    133 |   1 |  149.0 |
               +--------+--------+--------+--------+--------+-----+--------+

Top non-repeatable levels by time:
     D:2: 1552 daAuts
     D:4: 1452 daAuts
     D:1: 1139 daAuts
     D:5: 989 daAuts
     D:3: 908 daAuts
     D:6: 326 daAuts
  Temple: 149 daAuts
